 Seeded DCSS version 0.30-a0-596-g0af90f9a20 (webtiles) character file.

Game seed: 16110853453488910610 (custom seed)

61 flotson the Sneak (level 3, 29/29 HPs)
             Began as a Demonspawn Delver on Jan 7, 2023.
             Quit the game on level 4 of the Dungeon.
             The game lasted 00:01:14 (316 turns).

flotson the Sneak (Demonspawn Delver)                Turns: 316, Time: 00:01:15

Health: 29/29      AC: 10    Str: 14    XL:     3   Next: 83%
Magic:  3/3        EV:  6    Int: 11    God:
Gold:   48         SH:  0    Dex: 14    Spells: 2/2 levels left

rFire   . . .      SeeInvis .    d - +0 flail
rCold   . . .      Faith    .    (no shield)
rNeg    . . .      Spirit   .    f - +0 chain mail
rPois   .          Reflect  .    (no helmet)
rElec   .          Harm     .    (no cloak)
rCorr   .          Rampage  .    (no gloves)
Will    .....                    (no boots) Stlth
                                 (no amulet)
HPRegen 0.24/turn                (no ring)
MPRegen 0.08/turn                (no ring)

@: no status effects
A: molten scales 1
a: no special abilities


You were on level 4 of the Dungeon.
You visited 1 branch of the dungeon, and saw 2 of its levels.

You collected 48 gold pieces.

Inventory:

Hand Weapons
 d - a +0 flail (weapon)
Armour
 f - a +0 chain mail (worn)
Jewellery
 a - a ring of fire
Wands
 g - a wand of digging (2)
Scrolls
 b - 2 scrolls of torment {unknown}
 c - a scroll of fog
 h - a scroll of summoning {unknown}


   Skills:
 + Level 3.3 Fighting
 + Level 2.2 Axes
 + Level 1.1 Armour
 + Level 2.2 Dodging
 + Level 4.7 Stealth
 + Level 1.2 Evocations


You had 2 spell levels left.
You didn't know any spells.
Your spell library was empty.

Dungeon Overview and Level Annotations

Branches:
Dungeon (5/15)             Temple (0/1) D:5

Altars:


Innate Abilities, Weirdness & Mutations

You are partially covered in molten scales. (AC +2)


Message History

A hound comes into view.
Found a stone staircase leading up.
The hound barks!
Found a hand axe.
The hound attacks as you move away! The hound barely misses you.
You hit the hound but do no damage.
The hound bites you but does no damage. x2
You closely miss the hound. The hound completely misses you.
The hound bites you.
You hit the hound.
The hound is moderately wounded.
The hound bites you. The hound barely misses you.
You miss the hound.
The hound is moderately wounded.
The hound bites you. x2
* * * LOW HITPOINT WARNING * * *
You hit the hound.
The hound is severely wounded.
The hound bites you.
* * * LOW HITPOINT WARNING * * *
You miss the hound.
The hound is severely wounded.
The hound barely misses you. x2
You hit the hound.
You kill the hound!
Your Armour skill increases to level 1!
Your Evocations skill increases to level 1!
b - 2 scrolls labelled TAUZOSALI
There is a stone staircase leading up here.
You start resting.
An adder is nearby!
The adder hisses angrily.
You climb upwards.
Found a flail and a marble ring.
There is a stone staircase leading down here.
You see here a +0 flail.
d - a +0 flail (weapon)
You drop a +0 hand axe.
HP restored.
a - a ring of fire Are you sure you want to abandon this character and quit the game? (Confirm with "yes".)

.......
.~~♣###..#.###
♣~..........#
#>.# . #).# #
#.. #..#.#
#...##..#?####
.............#
...##..@######
........#
#..##.#.# #.
.....# #
.##.#.# #.
#.#.# # #.#
#.#


There were no monsters in sight!

Vanquished Creatures
  2 hounds (D:5)
2 creatures vanquished.

Notes
Turn   | Place    | Note
-------+----------+-------------------------------------------
     0 | D:5      | flotson the Demonspawn Delver began the quest for the Orb.
     0 | D:5      | Reached XP level 1. HP: 18/18 MP: 1/1
    43 | D:5      | Noticed an ogre
    51 | D:5      | Noticed a hound
    71 | D:5      | Killed a hound
    72 | D:5      | Gained mutation: You are partially covered in molten
                  | scales. (AC +2) [demonic ancestry]
    72 | D:5      | Reached XP level 2. HP: 4/24 MP: 2/2
    72 | D:5      | Reached XP level 3. HP: 5/29 MP: 3/3
   225 | D:5      | Reached skill level 1 in Armour
   225 | D:5      | Reached skill level 1 in Evocations
   316 | D:4      | Quit the game

Illustrated notes

Levels and vault maps discovered:
D:4:      layout_basic, serial_bayou_pond_d, nicolae_underground_beach,
          uniq_blork_the_orc
D:5:      layout_basic, minmay_temple_entry_large_hall

Skill      XL: |  1  2  3 |
---------------+----------+-----
Axes           | 2 |  2.2
Dodging        | 2 |  2.2
Armour         | 1 |  1.1
Evocations     | 1 |  1.2
Fighting       | |  3.3
Stealth        | |  4.7

Action                   || total
-------------------------++-------
Melee: Hand axe          ||    23
Evoke: Wand              ||     1
  Use: Potion            ||     1
       Scroll            ||     2
Armor: Leather armour    ||     4
       Chain mail        ||     5
Dodge: Dodged            ||    13

Table legend: (Time is in decaauts)
 A = Elapsed time spent in this place.
 B = Non-inter-level travel time spent in this place.
 C = Inter-level travel time spent in this place.
 D = Time resting spent in this place.
 E = Time spent auto-exploring this place.
 F = Levels seen in this place.
 G = Mean time per level.
                   A        B        C        D        E       F      G
               +--------+--------+--------+--------+--------+-----+--------+
         Total |    303 |    303 |      0 |     27 |    180 |   2 |  151.5 |
       Dungeon |    303 |    303 |      0 |     27 |    180 |   2 |  151.5 |
               +--------+--------+--------+--------+--------+-----+--------+

Top non-repeatable levels by time:
     D:5: 251 daAuts
     D:4: 52 daAuts
